 Dungeon Crawl Stone Soup version 0.21.1-1-g345015f (webtiles) character file.

147 tidbits the Charmwright (level 5, -2/43 HPs)
             Began as a Gnoll Skald on June 26, 2018.
             Slain by a two-headed ogre
             ... wielding a +0 giant club
              (22 damage)
             ... on level 6 of the Dungeon.
             The game lasted 00:04:32 (443 turns).

tidbits the Charmwright (Gnoll Skald)                Turns: 443, Time: 00:04:33

Health: -2/43      AC:  3    Str: 14    XL:     5   Next: 29%
Magic:  0/12       EV: 14    Int: 16    God:
Gold:   50         SH:  0    Dex: 14    Spells: 3/14 levels left

rFire    . . .     SeeInvis .   a - +0 war axe (chop)
rCold    . . .     Gourm    .   (no shield)
rNeg     . . .     Faith    .   b - +0 leather armour
rPois    +         Spirit   .   (no helmet)
rElec    .         Reflect  .   (no cloak)
rCorr    .         Harm     .   (no gloves)
MR       .....                  (no boots)
Stlth    ++........             (no amulet)
HPRegen  0.14/turn              r - ring of poison resistance
MPRegen  0.13/turn              (no ring)

@: lethally poisoned (-2 -> -3)
A: distributed training, fangs 1, strong nose
a: no special abilities


You were on level 6 of the Dungeon.
You were not hungry.

You visited 1 branch of the dungeon, and saw 6 of its levels.

You collected 50 gold pieces.

Inventory:

Hand Weapons
 a - a +0 war axe of chopping (weapon)
   (You took it off a goblin on level 2 of the Dungeon)
 e - a +0 dagger
 m - a +0 bardiche
 n - a +0 hand axe
 t - a +0 hand crossbow
Missiles
 f - 18 stones (quivered)
 o - 21 arrows
Armour
 b - a +0 leather armour (worn)
 p - a +0 ring mail
Jewellery
 r - a ring of poison resistance (left hand)
   (You found it on level 4 of the Dungeon)
Scrolls
 g - a scroll of random uselessness {unknown}
 h - a scroll of fear {unknown}
 j - a scroll of enchant armour {unknown}
 k - a scroll of immolation {unknown}
 q - a scroll of enchant weapon {unknown}
 s - a scroll of teleportation {unknown}
Potions
 i - 2 potions of haste {unknown}
 l - a potion of agility {unknown}
Books
 d - a book of Battle

   Spells                             Type                      Level
   a - Infusion                       Charms                       1
   b - Shroud of Golubria             Charms/Translocation         2
   c - Song of Slaying                Charms                       2
   d - Spectral Weapon                Hexes/Charms                 3
   e - Regeneration                   Charms/Necromancy            3
Comestibles
 c - 4 rations


   Skills:
 + Level 4.7 Fighting
 + Level 1.4 Short Blades
 + Level 1.4 Long Blades
 + Level 4.7 Axes
 + Level 1.4 Maces & Flails
 + Level 1.4 Polearms
 + Level 1.4 Staves
 + Level 1.4 Slings
 + Level 1.4 Bows
 + Level 1.4 Crossbows
 + Level 1.4 Throwing
 + Level 2.9 Armour
 + Level 4.7 Dodging
 + Level 1.4 Stealth
 + Level 1.4 Shields
 + Level 1.4 Unarmed Combat
 + Level 5.1 Spellcasting
 + Level 1.1 Conjurations
 + Level 1.1 Hexes
 + Level 5.5 Charms
 + Level 1.1 Summonings
 + Level 1.1 Necromancy
 + Level 1.1 Translocations
 + Level 1.1 Transmutations
 + Level 1.1 Fire Magic
 + Level 1.1 Ice Magic
 + Level 1.1 Air Magic
 + Level 1.1 Earth Magic
 + Level 1.1 Poison Magic
 + Level 1.5 Invocations
 + Level 1.4 Evocations


You had 3 spell levels left.
You knew the following spells:

 Your Spells              Type           Power        Failure   Level  Hunger
g - Shroud of Golubria    Chrm/Tloc      ##........   7%          2    #......
i - Infusion              Chrm           ###.         1%          1    None
r - Regeneration          Chrm/Necr      ##........   14%         3    ###....
w - Spectral Weapon       Hex/Chrm       ##......     14%         3    ###....
y - Song of Slaying       Chrm           ###.....     2%          2    #......


Dungeon Overview and Level Annotations

Branches:
Dungeon (6/15)
 Temple: D:4-7

Altars:
Wu Jian


Innate Abilities, Weirdness & Mutations

Your experience applies equally to all skills.
You have very sharp teeth.
Your uncanny sense of smell can sniff out nearby items.


Message History

You slash the leopard gecko!
You kill the leopard gecko!
You hit the worker ant. The worker ant misses you.
The worker ant closely misses you.
Unknown command.
You hit the worker ant.
The worker ant is severely wounded.
Your spectral weapon hits the worker ant!
You kill the worker ant!
Your Conjurations skill increases to level 1!
Your Hexes skill increases to level 1!
Your Summonings skill increases to level 1!
Your Necromancy skill increases to level 1!
Your Translocations skill increases to level 1!
Your Transmutations skill increases to level 1!
Your Fire Magic skill increases to level 1!
Your Ice Magic skill increases to level 1!
Your Air Magic skill increases to level 1!
Your Earth Magic skill increases to level 1!
Your Poison Magic skill increases to level 1!
You have reached level 5!
There is a stone staircase leading up here.
You see here a worker ant corpse.
You climb upwards.
Your summoned ally is left behind.
Your spectral weapon fades away.
There is a stone staircase leading down here.
Unknown command.
You climb downwards.
There is a stone staircase leading up here.
You see here a worker ant corpse.
Unknown command.
You see here a ration.
c - 4 rations (gained 1)
There is a stone staircase leading up here.
You see here a worker ant corpse.
Found a stone staircase leading down.
Your song is almost over.
There is a stone staircase leading down here.
You climb downwards.
A worker ant comes into view.
The worker ant twitches its antennae in your direction.
Found a robe, 11 gold pieces, 14 stones and a hand axe.
There is a stone staircase leading up here.
Unknown command.
Casting: Spectral Weapon
Confirm with . or Enter, or press ? or * to list all spells.
You miscast Spectral Weapon.
You are very lightly contaminated with residual magic.
The light around you dims momentarily.
You barely miss the worker ant.
Your song has ended.
The worker ant barely misses you.
You slash the worker ant!
The worker ant is almost dead.
The worker ant bites you. The worker ant closely misses you.
You closely miss the worker ant.
The worker ant is almost dead.
The worker ant bites you.
You closely miss the worker ant.
The worker ant is almost dead.
The worker ant bites you.
You are poisoned.
The worker ant poisons you! The worker ant misses you.
You hit the worker ant.
You kill the worker ant!
You feel sick.
A howler monkey skeleton comes into view.
You feel sick.
You feel sick.
You feel sick. The howler monkey skeleton hits you.
You slash the howler monkey skeleton!
The howler monkey skeleton is severely damaged.
The howler monkey skeleton barely misses you.
You slash the howler monkey skeleton!
You destroy the howler monkey skeleton!
You feel sick.
You see here 11 gold pieces.
You now have 50 gold pieces (gained 11).
You feel sick.
Found an ornate altar of the Wu Jian Council.
Found a stone staircase leading down.
Found 14 arrows and a hand crossbow.
Found an escape hatch in the ceiling.
You feel sick.
A two-headed ogre comes into view. It is wielding two giant clubs.
The two-headed ogre shouts in stereo!
You aren't carrying any items that you can evoke without wielding.
Unknown command.
Your magical contamination has completely faded away.
You see here a hand crossbow.
t - a hand crossbow
Casting: Spectral Weapon
Confirm with . or Enter, or press ? or * to list all spells.
You draw out your weapon's spirit!
You feel sick.
Casting: Spectral Weapon
Confirm with . or Enter, or press ? or * to list all spells.
Space distorts slightly along a thin shroud covering your body.
The teleport trap disappears.
The quokka disappears!
The two-headed ogre hits you with a giant club!!
Ouch! That really hurt!
You die...

#)...................
#.(.......#..........
#.........#..........
#..............#.#...
#..............._...ยง
#####......[###...#.#(.#
.............##........#
##..<......#...(......
#.........#..@O......
#.........#..........
#.........#..........
##.......##....<.....
##.....####........#
####### ##......##
########


You could see a two-headed ogre and a friendly spectral war axe of chopping.

Vanquished Creatures
  Jessica (D:2)
  2 worker ants
  A howler monkey skeleton (D:6)
  2 adders (D:2)
  An ooze (D:2)
  3 worms
  2 leopard geckos
  4 giant cockroaches
  4 goblins
  A hobgoblin (D:2)
  3 bats
  5 frilled lizards
  6 kobolds
  5 rats
40 creatures vanquished.

Notes
Turn   | Place    | Note
-------+----------+-------------------------------------------
     0 | D:1      | tidbits the Gnoll Skald began the quest for the Orb.
     0 | D:1      | Reached XP level 1. HP: 20/20 MP: 6/6
    84 | D:2      | Reached XP level 2. HP: 26/26 MP: 1/7
    91 | D:1      | Learned a level 2 spell: Song of Slaying
    94 | D:1      | Learned a level 2 spell: Shroud of Golubria
   187 | D:2      | Noticed Jessica
   193 | D:2      | Killed Jessica
   193 | D:2      | Reached skill level 5 in Spellcasting
   193 | D:2      | Reached skill level 1 in Invocations
   193 | D:2      | Reached XP level 3. HP: 25/31 MP: 3/9
   194 | D:2      | Reached skill level 1 in Short Blades
   194 | D:2      | Reached skill level 1 in Long Blades
   194 | D:2      | Reached skill level 1 in Maces & Flails
   194 | D:2      | Reached skill level 1 in Polearms
   194 | D:2      | Reached skill level 1 in Staves
   194 | D:2      | Reached skill level 1 in Slings
   194 | D:2      | Reached skill level 1 in Bows
   194 | D:2      | Reached skill level 1 in Crossbows
   194 | D:2      | Reached skill level 1 in Throwing
   194 | D:2      | Reached skill level 1 in Stealth
   194 | D:2      | Reached skill level 1 in Shields
   194 | D:2      | Reached skill level 1 in Unarmed Combat
   194 | D:2      | Reached skill level 1 in Evocations
   197 | D:2      | Reached XP level 4. HP: 28/38 MP: 4/11
   202 | D:2      | Learned a level 3 spell: Regeneration
   207 | D:2      | Learned a level 3 spell: Spectral Weapon
   383 | D:5      | Entered Level 5 of the Dungeon
   393 | D:5      | Reached skill level 1 in Conjurations
   393 | D:5      | Reached skill level 1 in Hexes
   393 | D:5      | Reached skill level 1 in Summonings
   393 | D:5      | Reached skill level 1 in Necromancy
   393 | D:5      | Reached skill level 1 in Translocations
   393 | D:5      | Reached skill level 1 in Transmutations
   393 | D:5      | Reached skill level 1 in Fire Magic
   393 | D:5      | Reached skill level 1 in Ice Magic
   393 | D:5      | Reached skill level 1 in Air Magic
   393 | D:5      | Reached skill level 1 in Earth Magic
   393 | D:5      | Reached skill level 1 in Poison Magic
   393 | D:5      | Reached XP level 5. HP: 34/43 MP: 1/12
   434 | D:6      | Found an ornate altar of the Wu Jian Council.
   438 | D:6      | Noticed a two-headed ogre
   443 | D:6      | Slain by a two-headed ogre

Skill      XL: |  1  2  3  4 |
---------------+-------------+-----
Spellcasting   | 5 |  5.1
Invocations    | 1 |  1.5
Short Blades   | 1 |  1.4
Long Blades    | 1 |  1.4
Maces & Flails | 1 |  1.4
Polearms       | 1 |  1.4
Staves         | 1 |  1.4
Slings         | 1 |  1.4
Bows           | 1 |  1.4
Crossbows      | 1 |  1.4
Throwing       | 1 |  1.4
Stealth        | 1 |  1.4
Shields        | 1 |  1.4
Unarmed Combat | 1 |  1.4
Evocations     | 1 |  1.4
Conjurations   | 1 |  1.1
Hexes          | 1 |  1.1
Summonings     | 1 |  1.1
Necromancy     | 1 |  1.1
Translocations | 1 |  1.1
Transmutations | 1 |  1.1
Fire Magic     | 1 |  1.1
Ice Magic      | 1 |  1.1
Air Magic      | 1 |  1.1
Earth Magic    | 1 |  1.1
Poison Magic   | 1 |  1.1
Fighting       | |  4.7
Axes           | |  4.7
Armour         | |  2.9
Dodging        | |  4.7
Charms         | |  5.5

Action                   |  1- 3 |  4- 6 || total
-------------------------+-------+-------++-------
Melee: Hand axe          |    43 |    20 ||    63
       Bite              |     2 |     4 ||     6
       War axe           |       |    19 ||    19
       Bardiche          |       |     1 ||     1
Throw: Stone             |     1 |       ||     1
 Cast: Infusion          |     3 |       ||     3
       Song of Slaying   |     3 |     3 ||     6
       Shroud of Golubri |     1 |     1 ||     2
       Spectral Weapon   |       |     6 ||     6
       Regeneration      |       |     2 ||     2
Armor: Leather armour    |    16 |     3 ||    19
Dodge: Dodged            |    40 |    20 ||    60

Table legend:
 A = Turns spent in this place as a percentage of turns spent in the entire game.
 B = Non-inter-level travel turns spent in this place as a percentage of non-inter-level travel turns spent in the entire game.
 C = Inter-level travel turns spent in this place as a percentage of turns spent in this place.
 D = Turns resting spent in this place as a percentage of non-inter-level travel turns spent in this place.
 E = Turns spent auto-exploring this place as a percentage of non-inter-level travel turns spent in this place.
 F = Non-inter-level travel turns spent in this place divided by the number of levels of this place that you've seen.
                   A       B       C       D       E      F
               +-------+-------+-------+-------+-------+----------------------
         Total | 100.0 | 100.0 |   0.0 |   0.0 |   0.0 |  73.8
       Dungeon | 100.0 | 100.0 |   0.0 |   0.0 |   0.0 |  73.8
               +-------+-------+-------+-------+-------+----------------------

Table legend:
 A = Kills in this place as a percentage of kills in entire the game.
 B = Kills by you in this place as a percentage of kills by you in the entire game.
 C = Kills by friends in this place as a percentage of kills by friends in the entire game.
 D = Other kills in this place as a percentage of other kills in the entire game.
 E = Experience gained in this place as a percentage of experience gained in the entire game.
 F = Experience gained in this place divided by the number of levels of this place that you have seen.
                   A       B       C       D       E      F
               +-------+-------+-------+-------+-------+----------------------
         Total | 100.0 | 100.0 |   N/A |   N/A | 100.0 |  35.2
       Dungeon | 100.0 | 100.0 |   N/A |   N/A | 100.0 |  35.2
               +-------+-------+-------+-------+-------+----------------------

Vault maps used:
D:1:      dpeg_chamrin_arrival_tetris
D:2:      minmay_guardbox, uniq_sigmund, uniq_jessica
D:3:      serial_glass, glass_columns_c, glass_columns_a, glass_columns_c,
          glass_columns_b, glass_columns_a, glass_columns_a, glass_columns_a,
          glass_columns_a, glass_columns_b, glass_columns_a, first_ration,
          makhleb_blood_cavern_becter
D:4:      lemuel_coloured_pillars_altar
D:5:      lemuel_doored_altar, minmay_temple_entry_water_ring
D:6:      lemuel_crystal_altar, kennysheep_mini_moat, minitemple
